 Dungeon Crawl Stone Soup version 0.22-a0-612-gd2f0174 (webtiles) character file.

240182 iamserjio the Severer (level 19, -6/190 HPs)
             Began as a Naga Berserker on July 11, 2018.
             Was a High Priest of Trog.
             Killed from afar by a crystal guardian (31 damage)
             ... with a crystal bolt
             ... on level 4 of the Abyss.
             The game lasted 02:22:08 (14326 turns).

iamserjio the Severer (Naga Berserker)             Turns: 14326, Time: 02:22:08

Health: -6/190     AC: 29    Str: 27    XL:     19   Next: 32%
Magic:  0/32       EV: 19    Int: 14    God:    Trog [*****.]
Gold:   1284       SH: 15    Dex: 15    Spells: 18/18 levels left

rFire    . . .     SeeInvis +   Q - +9 broad axe (freeze)
rCold    . . .     Gourm    .   E - +2 shield {AC+3}
rNeg     . . .     Faith    .   b - +3 plate armour
rPois    +         Spirit   +   z - +0 mask of the Dragon {MR+ Slay+3 SInv}
rElec    .         Reflect  .   k - scarf {Spirit}
rCorr    .         Harm     .   m - +2 pair of gloves
MR       +++++                  d - +0 naga barding
Stlth    +++.......             F - amulet of regeneration
HPRegen  1.00/turn              s - +6 ring of evasion
MPRegen  0.23/turn              G - ring of magical power

@: mighty, agile, very slightly contaminated, recuperating, mildly diseased,
invisible, very slow
A: large, see invisible, deformed body, poison resistance, slowness 2, slow
metabolism 1, spit poison 1, constrict 1, AC +6
}: 2/15 runes: decaying, gossamer
a: Spit Poison, Berserk, Trog's Hand, Brothers in Arms, Renounce Religion


You were on level 4 of the Abyss.
You worshipped Trog.
Trog was extremely pleased with you.
You were not hungry.

You visited 6 branches of the dungeon, and saw 33 of its levels.
You visited the Abyss 1 time.
You also visited: Ice Cave.

You collected 2495 gold pieces.
You spent 1211 gold pieces at shops.

Inventory:

Hand Weapons
 t - a +1 antimagic broad axe
 Q - a +9 broad axe of freezing (weapon)
Missiles
 u - 2 throwing nets (quivered) {!f}
Armour
 b - a +3 plate armour (worn)
 d - a +0 naga barding (worn)
 k - a scarf of spirit shield (worn)
 m - a +2 pair of gloves (worn)
 n - +0 fire dragon scales
 v - +0 acid dragon scales
 w - +0 ice dragon scales
 z - the +0 mask of the Dragon (worn) {MR+ Slay+3 SInv}
   (You found it on level 3 of the Spider Nest)

   It affects your accuracy and damage with ranged weapons and melee attacks
   (+3).
   It affects your resistance to hostile enchantments.
   It lets you see invisible.
 D - a scarf of resistance
 E - a +2 shield of protection (worn)
Jewellery
 a - an uncursed amulet of faith {unknown}
 s - a +6 ring of evasion (left hand)
 F - an amulet of regeneration (around neck)
 G - a ring of magical power (right hand)
Wands
 o - a wand of paralysis (28)
 M - a wand of iceblast (14)
 U - a wand of acid (10)
 X - a wand of clouds (5)
Scrolls
 e - a scroll of blinking
 i - 3 scrolls of immolation
 l - 8 scrolls of teleportation
 q - a scroll of vulnerability
 r - 8 scrolls of remove curse {@r2}
 x - 4 scrolls of enchant armour
 A - 7 scrolls of fog
 H - 3 scrolls of magic mapping
 I - a scroll of fear
 K - 2 scrolls of summoning
 Z - a scroll of brand weapon
Potions
 f - 2 potions of resistance {unknown}
 g - 3 potions of curing {@q1}
 h - 6 potions of brilliance
 p - 2 potions of magic
 C - a potion of haste
 J - 2 potions of mutation
 N - a potion of might
 S - 2 potions of cancellation
 T - 2 potions of agility
 W - 2 potions of ambrosia
Miscellaneous
 y - a lightning rod (4/4)
 O - 3 phantom mirrors
 P - a box of beasts
Comestibles
 c - 37 rations


   Skills:
 * Level 16.9 Fighting
 - Level 18.0 Axes
 - Level 8.0 Armour
 + Level 8.5 Dodging
 - Level 18.0 Stealth
 + Level 12.0 Shields
 - Level 6.0 Evocations


You had 18 spell levels left.
You didn't know any spells.
Your spell library contained the following spells:

 Spells                   Type           Power        Failure   Level  Hunger
 Cause Fear               Hex            #.........   100%        4    #####..
 Magic Dart               Conj           #...         96%         1    ##.....
 Fireball                 Conj/Fire      #.........   100%        5    ######.
 Conjure Flame            Conj/Fire      #.......     100%        3    ####...
 Bolt of Cold             Conj/Ice       #.........   100%        6    #######
 Lightning Bolt           Conj/Air       #.........   100%        5    ######.
 Slow                     Hex            #.......     99%         2    ###....
 Confuse                  Hex            #.......     100%        3    ####...
 Throw Flame              Conj/Fire      #.....       99%         2    ###....
 Freezing Cloud           Conj/Ice/Air   #.........   100%        6    #######
 Mephitic Cloud           Conj/Pois/Air  #.......     100%        3    ####...
 Teleport Other           Tloc           #.......     100%        3    ####...
 Blink                    Tloc           N/A          99%         2    ###....
 Ozocubu's Refrigeration  Ice            #.........   100%        6    #######
 Sticky Flame             Conj/Fire      #.......     100%        4    #####..
 Call Imp                 Summ           #.......     99%         2    ###....
 Sublimation of Blood     Necr           #.........   99%         2    ###....
 Tukima's Dance           Hex            #.......     100%        3    ####...
 Shock                    Conj/Air       #...         96%         1    ##.....
 Swiftness                Chrm/Air       #.......     99%         2    ###....
 Ice Form                 Ice/Tmut       #.......     100%        4    #####..
 Deflect Missiles         Chrm/Air       #.........   100%        6    #######
 Airstrike                Air            #.........   100%        4    #####..
 Flame Tongue             Conj/Fire      #....        96%         1    ##.....
 Ignite Poison            Fire/Tmut/Pois #.......     100%        3    ####...
 Ensorcelled Hibernation  Hex/Ice        #.....       99%         2    ###....
 Metabolic Englaciation   Hex/Ice        #.........   100%        5    ######.
 Silence                  Hex/Air        #.........   100%        5    ######.
 Static Discharge         Conj/Air       #.......     100%        3    ####...
 Corona                   Hex            #......      96%         1    ##.....
 Alistair's Intoxication  Tmut/Pois      #.......     100%        5    ######.
 Simulacrum               Ice/Necr       #.........   100%        6    #######
 Portal Projectile        Hex/Tloc       #.....       100%        3    ####...
 Petrify                  Tmut/Erth      #.......     100%        4    #####..
 Passage of Golubria      Tloc           N/A          100%        4    #####..
 Leda's Liquefaction      Hex/Erth       #.........   100%        4    #####..
 Shroud of Golubria       Chrm/Tloc      #.........   99%         2    ###....
 Inner Flame              Hex/Fire       #.......     100%        3    ####...
 Dazzling Spray           Conj/Hex       #.....       100%        3    ####...
 Discord                  Hex            #.........   100%        8    #######
 Irradiate                Conj/Tmut      #.........   100%        5    ######.
 Gell's Gravitas          Tloc           #.........   100%        3    ####...
 Yara's Violent Unravell  Hex/Tmut       #.........   100%        5    ######.
 Lesser Beckoning         Tloc           #.........   100%        3    ####...


Dungeon Overview and Level Annotations

Branches:
Dungeon (14/15)            Temple (0/1) D:7            Lair (6/6) D:11
  Swamp (4/4) Lair:3       Spider (4/4) Lair:3        Slime (0/5) Lair:6
    Orc (2/2) D:12            Elf (0/3) Orc:2        Vaults (2/5) D:13
  Crypt: Vaults:2-3

Altars:
Elyvilon
Fedhas
Hepliaklqana
Kikubaaqudgha
Qazlal
Yredelemnul
The Shining One
Beogh

Shops:
D:6 :   D:8 :*   D:10 :   D:12 [   Orc:1 *   Orc:2 ([([:?*[[

Annotations:
D:13 1 exclusion
Lair:3 1 exclusion
Spider:2 2 runed doors, Lizoshue's ghost, journeyman DDGl


Innate Abilities, Weirdness & Mutations

You cannot wear boots.
Your serpentine skin is tough. (AC +6)
You have supernaturally acute eyesight. (SInv)
Armour fits poorly on your strangely shaped body.
Your system is resistant to poisons. (rPois)
You cover ground very slowly.
You have a slow metabolism.
You can spit poison.
You can use your snake-like lower body to constrict enemies.


Message History

The crystal bolt misses you.
You see here a shapeshifter corpse.
Okay, then.
Unknown command.
Okay, then.
Your hearing returns.
Your skin crawls.
You feel resistant to hostile enchantments.
You feel somewhat more hungry.
Your two-headed ogre goes berserk!
You feel quite a bit more hungry.
The crystal guardian fires a crystalline bolt at you.
The crystal bolt freezes you!
* * * LOW HITPOINT WARNING * * *
You slash the crystal guardian! You grab the crystal guardian.
The crystal guardian is lightly damaged.
You constrict the crystal guardian, but do no damage.
The crystal guardian fires a crystalline bolt at you.
The crystal bolt freezes you!
You die...

... # ... .#.
. ... +. ... .
. #... #
####.....#
#..#≈
......#.#
#....#
#.........#
#.....# #
.....#.##....#
........#.∩≈#
........@# ..
# #.###.8## #
......O#†# ..
#.......#.††
...# . ##
####.#..
...... ...#
...φ ..## ##.
#. 8..... # .$
#.......## #.
.......#


You could see a crystal guardian and a friendly two-headed ogre (berserk).

Vanquished Creatures
  The ghost of TheNamelessOne the Carver, an adept HuAK of Lugonu (Spider:3)
  2 thorn hunters
  7 vault wardens
  3 ghost moths (Spider:4)
  An orc warlord (Orc:2)
  2 ironheart preservers
  3 emperor scorpions
  2 entropy weavers
  Azrael (Orc:2)
  A deep elf annihilator (Vaults:2)
  9 spark wasps
  Snorg (Orc:2)
  An ettin (Orc:2)
  A crystal guardian (Abyss:4)
  A great orb of eyes (shapeshifter) (Abyss:4)
  3 fire dragons
  The ghost of Meatbag the Cleaver, a journeyman DDFi of Makhleb (Orc:1)
  4 yaktaur captains
  An ice dragon (shapeshifter) (Abyss:4)
  An ice dragon (Vaults:2)
  8 vault guards
  25 hydras
  A catoblepas (D:14)
  15 two-headed ogres
  6 centaur warriors
  3 ogre magi
  6 dancing weapons (D:14)
  7 alligators
  23 death yaks
  3 orc high priests (Orc:2)
  Sonja (D:10)
  2 fire crabs (shapeshifter)
  An unseen horror (D:14)
  A lindwurm (Lair:6)
  11 swamp dragons
  3 wizards
  9 orc knights
  9 ironbrand convokers
  Pikel (D:6)
  2 harpies
  A necromancer (Vaults:2)
  8 orb spiders
  A tengu zombie (Vaults:2)
  4 cyclopes
  34 wolf spiders
  11 ugly things
  A deep elf mage (Vaults:3)
  7 moths of wrath
  2 manticores (D:13)
  A salamander (Spider:2)
  Maurice (D:10)
  2 guardian serpents (shapeshifter) (Abyss:4)
  4 vault sentinels
  3 elephants (Lair:5)
  A centaur skeleton (D:12)
  4 black mambas
  3 torpor snails
  A gargoyle (D:14)
  15 spiny frogs
  3 kobold demonologists (D:14)
  A spiny frog (shapeshifter) (Vaults:1)
  5 rime drakes
  15 yaktaurs
  5 komodo dragons
  11 demonic crawlers
  An ancient zyme (Abyss:4)
  A freezing wraith (Vaults:3)
  11 trolls
  A queen bee (Spider:2)
  28 jumping spiders
  A tengu simulacrum (Vaults:2)
  6 polar bears
  A tyrant leech (Swamp:4)
  13 hornets
  9 slime creatures
  5 bog bodies
  A hippogriff (shapeshifter) (D:14)
  5 dream sheep (Lair:6)
  5 blink frogs (Lair:6)
  13 hippogriffs
  2 water elementals (D:11)
  3 shadows
  46 redbacks
  12 spriggans
  A spriggan (shapeshifter) (Abyss:4)
  4 wraiths
  25 tarantellas
  A wyvern (Lair:5)
  4 hogs (D:7)
  2 vampires
  A large abomination (Abyss:4)
  41 yaks
  5 basilisks
  A human (D:7)
  16 vampire mosquitoes
  A fire elemental (Orc:2)
  5 wargs
  Menkaure (D:7)
  2 acid dragons
  10 swamp worms
  6 insubstantial wisps
  13 water moccasins
  2 soldier ants
  3 hell hounds (Orc:2)
  2 porcupines
  Duvessa (D:7)
  A phantom (D:10)
  45 orc warriors
  8 swamp drakes
  4 ice beasts
  4 sky beasts
  7 black bears
  A necrophage (D:9)
  A slave (D:6)
  A black bear (shapeshifter) (Vaults:2)
  An eye of draining (D:12)
  16 ogres
  8 boggarts
  6 centaurs
  27 wolves
  15 crocodiles
  3 big kobolds
  8 bullfrogs
  Dowan (D:7)
  2 human skeletons (Vaults:2)
  A wyvern skeleton (D:12)
  3 scorpions
  7 killer bees (D:10)
  3 human simulacra
  4 howler monkeys
  A vampire bat (D:5)
  5 wights (D:14)
  5 electric eels (D:11)
  4 crimson imps
  A quasit (D:6)
  3 jellies
  4 centaur zombies
  21 orc priests
  2 bullfrog skeletons
  8 hounds
  21 orc wizards
  Crazy Yiuf (D:7)
  3 iguanas
  7 worker ants
  A hound skeleton (D:9)
  10 gnolls
  8 adders
  2 shadow imps
  12 white imps (D:11)
  4 worms
  3 dart slugs
  3 fire bats (D:5)
  3 leopard geckos
  95 orcs
  2 spectral bats (D:5)
  12 bats
  3 bat skeletons (D:5)
  A bat zombie (D:5)
  3 giant cockroaches
  A hobgoblin (D:2)
  18 kobolds
  2 quokkas
  A bat simulacrum (D:5)
  4 frilled lizards
  2 rats (D:1)
  4 fungi
  A plant (Lair:4)
1096 creatures vanquished.

Vanquished Creatures (collateral kills)
  A spark wasp (Spider:4)
  2 hydras (Swamp:4)
  A wolf spider (Spider:4)
  A swamp drake (Swamp:4)
5 creatures vanquished.

Vanquished Creatures (others)
  A polar bear (IceCv)
  2 yaks (IceCv)
  An ogre (Vaults:2)
  3 wolves (IceCv)
  An orc (Orc:2)
  A kobold (D:14)
  2 fungi
  2 plants (Swamp:3)
  3 withered plants
16 creatures vanquished.

Grand Total: 1117 creatures vanquished

Notes
Turn   | Place    | Note
-------+----------+-------------------------------------------
     0 | D:1      | iamserjio the Naga Berserker began the quest for the Orb.
     0 | D:1      | Reached XP level 1. HP: 21/21 MP: 1/1
   194 | D:2      | Reached XP level 2. HP: 22/28 MP: 2/2
   459 | D:2      | Found a glowing golden altar of the Shining One.
   482 | D:2      | Reached XP level 3. HP: 27/34 MP: 1/3
   576 | D:3      | Found a stormy altar of Qazlal.
   629 | D:3      | Found an ancient bone altar of Kikubaaqudgha.
   685 | D:3      | Noticed an ice beast
   716 | D:3      | Killed an ice beast
   716 | D:3      | Reached XP level 4. HP: 39/44 MP: 4/4
   716 | D:3      | Reached XP level 5. HP: 44/50 MP: 5/5
   734 | D:4      | Reached ** piety under Trog
   866 | D:4      | Found a basalt altar of Yredelemnul.
  1081 | D:5      | Entered Level 5 of the Dungeon
  1138 | D:5      | Reached skill level 5 in Axes
  1138 | D:5      | Reached XP level 6. HP: 40/57 MP: 4/6
  1192 | D:6      | Noticed Pikel
  1192 | D:6      | Noticed a slave
  1192 | D:6      | Noticed a slave
  1192 | D:6      | Noticed a slave
  1192 | D:6      | Noticed a slave
  1194 | D:6      | Noticed a black bear
  1204 | D:6      | Killed a slave
  1213 | D:6      | Killed Pikel
  1213 | D:6      | Reached skill level 5 in Fighting
  1213 | D:6      | Reached XP level 7. HP: 57/67 MP: 5/7
  1478 | D:5      | Reached XP level 8. HP: 72/74 MP: 8/8
  1691 | D:5      | Got a jewelled quarterstaff
  1814 | D:5      | Identified the +9 quarterstaff "Geatus Panu" {crush, Str+7 Dex+3} (You found it on level 5 of the Dungeon)
  2047 | D:6      | Found Mifuas's Book Emporium.
  2058 | D:5      | Reached *** piety under Trog
  2306 | D:7      | Found a runed door.
  2310 | D:7      | Noticed Crazy Yiuf
  2313 | D:7      | Killed Crazy Yiuf
  2379 | D:7      | Found a staircase to the Ecumenical Temple.
  2409 | D:7      | Noticed Duvessa
  2409 | D:7      | Noticed Dowan
  2415 | D:7      | Killed Duvessa
  2415 | D:7      | Reached XP level 9. HP: 82/82 MP: 7/9
  2433 | D:7      | Killed Dowan
  2456 | D:7      | Noticed Menkaure
  2465 | D:7      | Killed Menkaure
  2465 | D:7      | Reached skill level 5 in Armour
  2636 | D:8      | Found a blossoming altar of Fedhas.
  2657 | D:8      | Found Zinyh's Book Shop.
  2738 | D:8      | Found a white marble altar of Elyvilon.
  2767 | D:8      | Found Ydoid's General Store.
  2775 | D:8      | Bought a scroll of summoning for 114 gold pieces
  2775 | D:8      | Bought a potion of flight for 36 gold pieces
  2775 | D:8      | Bought a scroll of teleportation for 36 gold pieces
  2775 | D:8      | Bought a scroll of identify for 24 gold pieces
  2775 | D:8      | Bought a wand of iceblast (5) for 108 gold pieces
  2798 | D:8      | Reached skill level 1 in Stealth
  2902 | D:8      | Reached **** piety under Trog
  2902 | D:8      | Reached skill level 10 in Axes
  2937 | D:9      | Noticed a two-headed ogre
  2946 | D:9      | Killed a two-headed ogre
  2946 | D:9      | Reached XP level 10. HP: 96/96 MP: 10/10
  3014 | D:9      | Noticed a seven-headed hydra
  3060 | D:9      | Killed a seven-headed hydra
  3060 | D:9      | Reached skill level 5 in Stealth
  3149 | D:9      | Reached skill level 1 in Evocations
  3383 | D:10     | Entered Level 10 of the Dungeon
  3462 | D:10     | Found Buem's Book Shop.
  3462 | D:10     | Noticed Sonja
  3464 | D:10     | Killed Sonja
  3523 | D:11     | Reached XP level 11. HP: 104/104 MP: 12/12
  3567 | D:11     | Noticed a two-headed ogre
  3571 | D:11     | Killed a two-headed ogre
  3621 | D:11     | Noticed a cyan ugly thing
  3632 | D:12     | Noticed a two-headed ogre
  3638 | D:12     | Killed a two-headed ogre
  3639 | D:12     | Found a staircase to the Orcish Mines.
  3716 | D:12     | Noticed a cyan ugly thing
  3717 | D:12     | Noticed a brown ugly thing
  3790 | D:11     | Found a staircase to the Lair.
  3806 | D:11     | Killed a cyan ugly thing
  3827 | D:11     | Found a frozen archway.
  3884 | IceCv    | Entered an ice cave
  4069 | D:11     | Noticed a brown ugly thing
  4079 | D:11     | Killed a brown ugly thing
  4257 | D:10     | Reached XP level 12. HP: 115/115 MP: 15/15
  4524 | D:10     | Noticed Maurice
  4535 | D:10     | Killed Maurice
  4849 | D:12     | Found Zillifin's Antique Armour Emporium.
  4888 | D:12     | Got a brightly glowing leather armour
  5040 | D:13     | Reached ***** piety under Trog
  5063 | D:13     | Noticed a two-headed ogre
  5076 | D:13     | Killed a two-headed ogre
  5076 | D:13     | Reached skill level 10 in Stealth
  5076 | D:13     | Reached skill level 5 in Evocations
  5093 | D:13     | Found a hazy altar of Hepliaklqana.
  5252 | D:12     | Identified the +1 leather armour of Qiliowen {Int+4} (You found it on level 12 of the Dungeon)
  5267 | Orc:1    | Entered Level 1 of the Orcish Mines
  5335 | Orc:1    | Reached skill level 10 in Fighting
  5385 | Orc:2    | Entered Level 2 of the Orcish Mines
  5391 | Orc:2    | Found Zumeuxergh's Magic Scroll Shop.
  5425 | Orc:2    | Received a gift from Trog
  5470 | Orc:2    | Found a roughly hewn altar of Beogh.
  5472 | Orc:2    | Noticed an orc high priest
  5483 | Orc:2    | Killed an orc high priest
  5484 | Orc:2    | Found Noadei's Antique Armour Shop.
  5529 | Orc:2    | Bought a scroll of enchant armour for 97 gold pieces
  5529 | Orc:2    | Bought a scroll of fog for 26 gold pieces
  5529 | Orc:2    | Bought a scroll of fear for 45 gold pieces
  5529 | Orc:2    | Bought a scroll of teleportation for 39 gold pieces
  5543 | Orc:2    | Found a roughly hewn altar of Beogh.
  5592 | Orc:2    | Reached skill level 1 in Shields
  5661 | Orc:2    | Found Jydghienn's Antique Armour Boutique.
  5675 | Orc:2    | Received a gift from Trog
  5743 | Orc:2    | Found a staircase to the Elven Halls.
  5772 | Orc:1    | Noticed Meatbag's ghost (journeyman DDFi)
  5777 | Orc:1    | Found a runed door.
  5905 | Orc:1    | Found a roughly hewn altar of Beogh.
  6007 | Orc:1    | Killed Meatbag's ghost
  6007 | Orc:1    | Gained mutation: You can use your snake-like lower body to constrict enemies. [Naga growth]
  6007 | Orc:1    | Reached XP level 13. HP: 123/123 MP: 17/17
  6124 | Orc:2    | Noticed an ettin
  6127 | Orc:2    | Noticed Azrael
  6133 | Orc:2    | Killed an ettin
  6154 | Orc:2    | Bought a glowing shield for 277 gold pieces
  6183 | Orc:2    | Bought a scroll of identify for 26 gold pieces
  6183 | Orc:2    | Bought a scroll of silence for 97 gold pieces
  6183 | Orc:2    | Bought a scroll of identify for 26 gold pieces
  6183 | Orc:2    | Bought a scroll of identify for 26 gold pieces
  6236 | Orc:2    | Killed Azrael
  6250 | Orc:2    | Noticed Snorg
  6253 | Orc:2    | Found a roughly hewn altar of Beogh.
  6268 | Orc:2    | Killed Snorg
  6285 | Orc:1    | Found Goaxu's General Store.
  6299 | Orc:1    | Bought a potion of degeneration for 12 gold pieces
  6299 | Orc:1    | Bought a scroll of enchant armour for 90 gold pieces
  6299 | Orc:1    | Bought a scroll of enchant armour for 90 gold pieces
  6378 | Orc:2    | Found Wiasybit's General Store.
  6401 | Orc:2    | Found a roughly hewn altar of Beogh.
  6415 | Orc:2    | Found Bevoip's Book Shop.
  6448 | Orc:2    | Found Sosuc's Armour Emporium.
  6460 | Orc:2    | Found Gofusur's Weapon Shoppe.
  6482 | Orc:2    | Found a roughly hewn altar of Beogh.
  6552 | Orc:2    | Received a gift from Trog
  6553 | Orc:2    | Noticed an orc warlord
  6647 | Orc:2    | Killed an orc warlord
  6648 | Orc:2    | Found Yrrievont's Antique Weapon Shop.
  6654 | Orc:2    | Found Citogul's Antique Armour Boutique.
  6655 | Orc:2    | Found a roughly hewn altar of Beogh.
  6735 | Orc:2    | Bought a scroll of teleportation for 42 gold pieces
  6847 | Lair:1   | Entered Level 1 of the Lair of Beasts
  7243 | Lair:3   | You fall through a shaft!
  7424 | Lair:4   | Reached skill level 5 in Shields
  7429 | Lair:4   | Reached XP level 14. HP: 135/135 MP: 18/18
  7566 | Lair:5   | Received a gift from Trog
  7566 | Lair:5   | Reached skill level 15 in Axes
  7622 | Lair:6   | Entered Level 6 of the Lair of Beasts
  7787 | Lair:6   | Found a staircase to the Slime Pits.
  8019 | Lair:6   | Received a gift from Trog
  8260 | Lair:6   | Reached XP level 15. HP: 139/144 MP: 19/19
  8935 | Lair:3   | Found a hole to the Spider Nest.
  8940 | Lair:3   | Received a gift from Trog
  8976 | Spider:1 | Entered Level 1 of the Spider Nest
  9015 | Spider:2 | Found a large runed door.
  9017 | Spider:2 | Found a large runed door.
  9017 | Spider:2 | Noticed Lizoshue's ghost (journeyman DDGl)
  9295 | Spider:3 | Noticed an emperor scorpion
  9305 | Spider:3 | Reached skill level 15 in Stealth
  9313 | Spider:2 | Killed an emperor scorpion
  9485 | Spider:2 | Received a gift from Trog
  9560 | Spider:2 | Reached XP level 16. HP: 75/154 MP: 13/20
  9596 | Spider:3 | Found the +0 mask of the Dragon {MR+ Slay+3 SInv}
  9802 | Spider:3 | Found a runed door.
  9803 | Spider:3 | Noticed TheNamelessOne's ghost (adept HuAK)
  9865 | Spider:4 | Entered Level 4 of the Spider Nest
 10070 | Spider:4 | Paralysed by a hornet for 2 turns
 10121 | Spider:4 | Got a gossamer rune of Zot
 10413 | Spider:3 | Killed TheNamelessOne's ghost
 10611 | Spider:1 | Reached XP level 17. HP: 151/164 MP: 21/21
 10663 | Spider:1 | Received a gift from Trog
 10806 | Lair:3   | Found a staircase to the Swamp.
 10843 | Swamp:1  | Entered Level 1 of the Swamp
 10852 | Swamp:1  | Reached skill level 10 in Shields
 11177 | Swamp:2  | Reached skill level 5 in Dodging
 11293 | Swamp:4  | Entered Level 4 of the Swamp
 11657 | Swamp:4  | Received a gift from Trog
 11928 | Swamp:4  | Got a decaying rune of Zot
 12530 | D:14     | Reached XP level 18. HP: 176/176 MP: 22/22
 12810 | D:14     | Found a large runed door.
 12814 | D:14     | Found a large runed door.
 12829 | D:14     | Received a gift from Trog
 13110 | D:13     | Reached skill level 15 in Fighting
 13234 | D:13     | Found a gate to the Vaults.
 13243 | Vaults:1 | Entered Level 1 of the Vaults
 13440 | Vaults:1 | Received a gift from Trog
 13749 | Vaults:2 | Received a gift from Trog
 13774 | Vaults:2 | Reached XP level 19. HP: 73/189 MP: 11/23
 14120 | Vaults:2 | Got a dazzling plate armour
 14151 | Vaults:2 | Identified the cursed +0 plate armour of Yhuyb {Int+8 Slay-4} (You found it on level 2 of the Vaults)
 14268 | Vaults:3 | Cast into level 4 of the Abyss (vault warden)
 14301 | Abyss:4  | HP: 4/190 [crystal guardian/crystal bolt (17)]
 14326 | Abyss:4  | Killed from afar by a crystal guardian

Vault maps used:
D:1:      lightli_arrival_isolated_outpost
D:2:      old_standard_altar
D:3:      kiku_gazebo_garden_becter, grunt_qazlal_clouds, first_ration
D:4:      lemuel_crystal_altar, marbit_many_paths, kennysheep_decorative_pillar
D:5:      lemuel_ice_spiral_2, grunt_ministairs_15, goddamned_bats
D:6:      serial_shops, shop, uniq_pikel
D:7:      minmay_temple_entry_poolview, grunt_livestock, uniq_menkaure,
          uniq_duvessa, uniq_crazy_yiuf_cottage
D:8:      fedhas_altar_1, elyvilon_altar_1, serial_shops, shop,
          nicolae_shop_trees, special_room
D:10:     serial_shops, shop, uniq_maurice, uniq_sonja
D:11:     erik_lair_island, portal_ice_cave_entry_imps
D:12:     orc_0_dummy, serial_shops, kennysheep_mini_moat
D:13:     david_vaults_1, basic_altar, kennysheep_potato
D:14:     doesnt_quadruple_sword, hex_tiny, uniq_roxanne
Lair:1:   beast_lair_carwin_large_1, nzn_random_ring
Lair:3:   swamp_mist, nicolae_spider_entry_tight_spaces, beast_lair_carwin_3
Lair:4:   bh_chokoban, serial_bayou_shore_b
Lair:5:   lemuel_fruit_tree
Lair:6:   minmay_lair_end_enchanted_forest, slime_dummy
Swamp:1:  evilmike_swamp_ruin_house_1, swamp_pool1, nicolae_swamp_godswood
Swamp:2:  evilmike_swamp_ruin_house_4
Swamp:3:  hangedman_swamp_lotus
Swamp:4:  swamp_alternative
Spider:2: ebering_ghost_disaster_area
Spider:3: gammafunk_ghost_grave, nicolae_spider_cling_ruins
Spider:4: grunt_spider_rune_island
Orc:1:    nicolae_orc_accident_2, serial_shops, shop, gammafunk_ghost_grave
Orc:2:    grunt_orc_community_town_hall, grunt_orc_community_big_house_2,
          grunt_orc_community_big_house_2, grunt_orc_community_house_3,
          grunt_orc_community_house_1, grunt_orc_community_house_1,
          grunt_orc_community_house_3, grunt_orc_community_house_1,
          serial_shops, shop, nicolae_shop_statue_plus,
          nicolae_shop_statue_plus, nicolae_shop_behind_doors,
          nicolae_shop_trees, abandoned_shop, uniq_azrael, uniq_snorg
Vaults:1: v_rooms_1, ontoclasm_vaults_ring_large, vaults_standard_mumra_x,
          nicolae_vaults_little_ls, v_misc_22, grunt_vaults_funnel,
          nicolae_vaults_little_squares_5, v_misc_5, nicolae_vaults_rhombus_6,
          vaults_dpeg_hooks, v_misc_19, vaults_dpeg_ring,
          ontoclasm_vaults_loading_screen
Vaults:2: special_room_vaults, v_misc_26, minmay_crypt_entry_necro_gods,
          vaults_standard_mumra_lines, ontoclasm_vaults_shuriken,
          vaults_mumra_lcd, vaults_dpeg_diagonal, vaults_room_pools,
          nicolae_vaults_shelves_hall, nicolae_vaults_little_squares_3,
          serial_shops, shop
Vaults:3: vaults_room_pool, grunt_vaults_trifunnel, st_lines,
          vaults_mumra_minichess, v_rooms_4, v_misc_28,
          nicolae_vaults_mini_display_case, vaults_room_pool,
          nicolae_vaults_little_squares_2, v_misc_14, uniq_sojobo
Abyss:4:  hangedman_abyss_or_decor_stagger,
          hangedman_grunt_abyss_rune_horror_hoard
IceCv:    ice_cave_caverns_02

Skill      XL: |  1  2  3  4  5  6  7  8  9 10 11 12 13 14 15 16 17 18 19 |
---------------+----------------------------------------------------------+-----
Armour         | 2 3 4 6 7 8 |  8.0
Axes           | 4 5 6 8 10 11 12 13 14 15 16 17 18 | 18.0
Fighting       | 4 5 6 7 8 9 10 11 12 13 14 16 | 16.9
Stealth        | 3 6 9 11 12 14 15 16 18 | 18.0
Evocations     | 1 4 6 |  6.0
Shields        | 1 5 7 9 10 11 12 | 12.0
Dodging        | 2 4 6 8 |  8.5

Action                   |  1- 3 |  4- 6 |  7- 9 | 10-12 | 13-15 | 16-18 | 19-21 || total
-------------------------+-------+-------+-------+-------+-------+-------+-------++-------
Melee: Hand axe          |    73 |    87 |   109 |       |       |       |       ||   269
       Quarterstaff      |       |       |    69 |     4 |       |       |       ||    73
       War axe           |       |       |    70 |   507 |       |       |       ||   577
       Broad axe         |       |       |       |    42 |   740 |   841 |   156 ||  1779
       Constrict         |       |       |       |       |   152 |   153 |    35 ||   340
       Flail             |       |       |       |       |    21 |   102 |       ||   123
       Morningstar       |       |       |       |       |       |    49 |       ||    49
Throw: Javelin           |       |       |       |       |       |     1 |       ||     1
Invok: Berserk           |     1 |     4 |    11 |    16 |     8 |    10 |       ||    50
       Trog's Hand       |       |     1 |       |    19 |    21 |    29 |     7 ||    77
       Brothers in Arms  |       |       |       |       |       |     5 |     2 ||     7
 Abil: Spit Poison       |     1 |     1 |     1 |       |       |       |       ||     3
Evoke: Wand              |       |       |       |    37 |    10 |    31 |       ||    78
  Use: Scroll            |       |       |    11 |     5 |    15 |    12 |     2 ||    45
       Potion            |       |       |       |     2 |     1 |     2 |    10 ||    15
 Stab: Sleeping          |     1 |       |       |       |     1 |     4 |     2 ||     8
       Paralysed         |       |       |       |    20 |     7 |     8 |       ||    35
       Invisible         |       |       |       |       |       |     2 |     4 ||     6
       Distracted        |       |       |       |       |       |     1 |     1 ||     2
       Petrified         |       |       |       |       |       |     5 |       ||     5
       Petrifying        |       |       |       |       |       |     2 |       ||     2
  Eat: Chunk             |       |     2 |    16 |    24 |    20 |     5 |     1 ||    68
       Ration            |       |     1 |       |     2 |     3 |     9 |     1 ||    16
Armor: Animal skin       |    10 |       |       |       |       |       |       ||    10
       Ring mail         |    10 |       |       |       |       |       |       ||    10
       Scale mail        |    13 |    34 |   174 |    33 |       |       |       ||   254
       Plate armour      |       |       |       |   395 |   575 |   932 |    72 ||  1974
Dodge: Dodged            |    51 |    35 |   166 |   322 |   283 |   472 |    59 ||  1388
Block: Shield            |       |       |       |       |   694 |   939 |    98 ||  1731
       Reflection        |       |       |       |       |    12 |       |       ||    12

Table legend:
 A = Spawn XP
 B = Non-spawn XP
 C = Spawn XP percentage of total XP
 D = Spawn monster count
 E = Non-spawn monster count
 F = Spawn count percentage of total count
 G = Total turns spent on level
                    A         B        C        D         E        F      G
               +---------+---------+-------+---------+---------+-------+---------
         Total |     527 |  342430 |   0.2 |       2 |    1096 |   0.2 | 14326
               +---------+---------+-------+---------+---------+-------+---------
           D:1 |       0 |       7 |   0.0 |       0 |       5 |   0.0 |   143
           D:2 |       0 |      32 |   0.0 |       0 |      11 |   0.0 |   386
           D:3 |       0 |     142 |   0.0 |       0 |       3 |   0.0 |   335
           D:4 |       0 |      29 |   0.0 |       0 |       7 |   0.0 |   221
           D:5 |       0 |     758 |   0.0 |       0 |      42 |   0.0 |   660
           D:6 |       0 |     937 |   0.0 |       0 |      14 |   0.0 |   515
           D:7 |       0 |    1786 |   0.0 |       0 |      18 |   0.0 |   366
           D:8 |       0 |     799 |   0.0 |       0 |      16 |   0.0 |   327
           D:9 |       0 |    3596 |   0.0 |       0 |      18 |   0.0 |   448
          D:10 |       0 |    2705 |   0.0 |       0 |      28 |   0.0 |   473
          D:11 |       0 |    5817 |   0.0 |       0 |      44 |   0.0 |   555
          D:12 |       0 |    4025 |   0.0 |       0 |      21 |   0.0 |   654
          D:13 |       0 |   11055 |   0.0 |       0 |      54 |   0.0 |   470
          D:14 |       0 |   14842 |   0.0 |       0 |      44 |   0.0 |   662
        Lair:1 |       0 |    3450 |   0.0 |       0 |      15 |   0.0 |   162
        Lair:2 |       0 |    8266 |   0.0 |       0 |      26 |   0.0 |   464
        Lair:3 |       0 |    6463 |   0.0 |       0 |      29 |   0.0 |   397
        Lair:4 |       0 |   14202 |   0.0 |       0 |      30 |   0.0 |   489
        Lair:5 |       0 |    4017 |   0.0 |       0 |      14 |   0.0 |   296
        Lair:6 |       0 |   24382 |   0.0 |       0 |      82 |   0.0 |   583
       Swamp:1 |       0 |    5458 |   0.0 |       0 |      11 |   0.0 |   208
       Swamp:2 |       0 |    9561 |   0.0 |       0 |      23 |   0.0 |   310
       Swamp:3 |       0 |   10698 |   0.0 |       0 |      21 |   0.0 |   278
       Swamp:4 |       0 |   24304 |   0.0 |       0 |      44 |   0.0 |   537
      Spider:1 |       0 |    8473 |   0.0 |       0 |      28 |   0.0 |   217
      Spider:2 |       0 |   23616 |   0.0 |       0 |      59 |   0.0 |   571
      Spider:3 |       0 |   14419 |   0.0 |       0 |      32 |   0.0 |   458
      Spider:4 |       0 |   36936 |   0.0 |       0 |      68 |   0.0 |   453
         Orc:1 |       0 |    3954 |   0.0 |       0 |      31 |   0.0 |   498
         Orc:2 |       0 |   14593 |   0.0 |       0 |     105 |   0.0 |  1062
      Vaults:1 |       0 |   45596 |   0.0 |       0 |      74 |   0.0 |   493
      Vaults:2 |       0 |   29080 |   0.0 |       0 |      63 |   0.0 |   502
      Vaults:3 |       0 |    3676 |   0.0 |       0 |       4 |   0.0 |    30
       Abyss:4 |     527 |    3911 |  11.9 |       2 |       6 |  25.0 |    58
         IceCv |       0 |     845 |   0.0 |       0 |       6 |   0.0 |    45
               +---------+---------+-------+---------+---------+-------+---------
